 Dungeon Crawl Stone Soup version 0.19.5 (webtiles) character file.

367 Nubser the Caller (level 6, 0/43 HPs)
             Began as a Demonspawn Summoner on Mar 11, 2017.
             Slain by vuolankoinen's ghost (11 damage)
             ... on level 5 of the Dungeon on Mar 12, 2017.
             The game lasted 00:32:28 (4619 turns).

Nubser the Caller (Demonspawn Summoner)             Turns: 4619, Time: 00:32:28

Health: 0/43       AC:  6    Str:  9    XL:     6   Next: 41%
Magic:  11/12      EV: 10    Int: 17    God:
Gold:   238        SH:  0    Dex: 14    Spells: 3 memorised, 7 levels left

rFire  . . .     SeeInvis .     k - +0 dagger (elec)
rCold  . . .     Gourm    .     g - +0 ring mail (curse)
rNeg   . . .     Faith    .     (no shield)
rPois  .         Spirit   .     (no helmet)
rElec  .         Reflect  .     (no cloak)
rCorr  .         Harm     .     j - +0 pair of gloves
MR     .....                    (no boots)
Stlth  ..........               (no amulet)
                                r - ring of loudness (curse)
                                y - +2 ring of slaying

@: no status effects
A: claws 1, hooves 1, spiny 1
a: no special abilities


You were on level 5 of the Dungeon.
You were full.

You visited 2 branches of the dungeon, and saw 6 of its levels.

You collected 238 gold pieces.

Inventory:

Hand Weapons
 k - a +0 dagger of electrocution (weapon)
 A - a +1 whip of pain
Armour
 d - a +0 ring mail
 g - a cursed +0 ring mail (worn)
 j - a +0 pair of gloves (worn)
 q - a +0 robe
 u - a +0 robe
Jewellery
 f - an uncursed ring of resist corrosion
 r - a cursed ring of loudness (right hand)
 y - a +2 ring of slaying (left hand)
Scrolls
 i - a scroll of magic mapping
 p - a scroll of enchant weapon
 z - a scroll of fear
Potions
 a - a potion of beneficial mutation {unknown}
 c - a potion of ambrosia {unknown}
 e - 4 potions of curing {unknown}
 h - a potion of haste {unknown}
 l - a potion of agility
 m - a potion of heal wounds {unknown}
 n - 3 potions of lignification {unknown}
 o - 2 potions of brilliance {unknown}
 s - 2 potions of flight {unknown}
 t - a potion of might {unknown}
Books
 b - a book of Callings

   Spells                             Type                      Level
   a - Summon Small Mammal            Summoning                    1
   b - Call Imp                       Summoning                    2
   c - Call Canine Familiar           Summoning                    3
   d - Summon Guardian Golem          Hexes/Summoning              3
   e - Summon Lightning Spire         Summoning/Air                4
   f - Summon Ice Beast               Ice/Summoning                4
Comestibles
 v - a bread ration
 w - 2 meat rations
 x - a slice of pizza


   Skills:
 + Level 1.0 Fighting
 + Level 1.0 Short Blades
   Level 0.1 Polearms
 + Level 1.9 Armour
 + Level 2.1 Dodging
 + Level 2.1 Stealth
 + Level 4.1 Spellcasting
 + Level 5.4 Summonings


You had 7 spell levels left.
You knew the following spells:

 Your Spells              Type           Power        Failure   Level  Hunger
a - Summon Small Mammal   Summ           ###.         6%          1    None
b - Call Imp              Summ           ###.....     10%         2    ##.....
c - Call Canine Familiar  Summ           ###.....     17%         3    ###....


Dungeon Overview and Level Annotations

Branches:
Dungeon (5/15)             Temple (1/1) D:4

Altars:
Elyvilon
Vehumet

Annotations:
D:5 vuolankoinen's ghost, novice HuWn


Innate Abilities, Weirdness & Mutations

You have sharp fingernails.
You have large cloven feet.
You are partially covered in sharp spines.


Message History

The orc priest barely misses you.
You hit the orc priest. Your kick misses the orc priest.
The orc priest is severely wounded.
The orc priest barely misses you.
You hit the orc priest.
There is a sudden explosion of sparks!
You kill the orc priest!
Your crimson imp blinks!
Vuolankoinen's ghost closely misses you.
Your crimson imp blinks!
Your crimson imp barely misses vuolankoinen's ghost.
Your crimson imp hits vuolankoinen's ghost but does no damage.
Your crimson imp blinks!
You hit vuolankoinen's ghost but do no damage.
Vuolankoinen's ghost is struck by your spines.
Vuolankoinen's ghost hits you!
* * * LOW HITPOINT WARNING * * *
Vuolankoinen's ghost hits you but does no damage.
There is a stone staircase leading up here.
Vuolankoinen's ghost hits you!
You die...

### #.# ##.## #...#
#...######
#....#.@.###
#.....W..).###
##...........###
#....5........##
#..............#
##..............# #..
#...............###..#
##...............#..#
#...............#.#


You could see vuolankoinen's ghost and a friendly crimson imp.

Vanquished Creatures
  The ghost of Camlann the Slasher, an amateur HEFi of Gozag (D:3)
  An orc priest (D:5)
  4 adders (D:2)
  An ooze (D:1)
  2 worms (D:2)
  3 orcs (D:4)
  A giant cockroach (D:2)
  8 goblins
  6 hobgoblins
  5 jackals (D:1)
  6 kobolds (D:4)
  A ball python (D:2)
  5 bats
  3 frilled lizards (D:2)
  10 rats
  5 plants (D:4)
62 creatures vanquished.

Vanquished Creatures (collateral kills)
  A sky beast (D:3)
  A bullfrog skeleton (D:5)
  An orc wizard (D:4)
  A worker ant (D:4)
  2 adders
  A gnoll (D:4)
  2 oozes
  3 dart slugs
  6 orcs
  10 goblins
  8 hobgoblins
  A jackal (D:1)
  2 bats (D:1)
  9 kobolds
  A quokka skeleton (D:4)
  3 rats
52 creatures vanquished.

Grand Total: 114 creatures vanquished

Notes
Turn   | Place    | Note
-------+----------+-------------------------------------------
     0 | D:1      | Nubser the Demonspawn Summoner began the quest for the Orb.
     0 | D:1      | Reached XP level 1. HP: 13/13 MP: 3/3
   346 | D:1      | Gained mutation: You are partially covered in sharp spines. [demonic ancestry]
   346 | D:1      | Reached XP level 2. HP: 19/19 MP: 1/5
   386 | D:1      | Learned a level 2 spell: Call Imp
   753 | D:2      | Gained mutation: You have sharp fingernails. [demonic ancestry]
   753 | D:2      | Reached XP level 3. HP: 25/25 MP: 6/6
  1123 | D:2      | Learned a level 3 spell: Call Canine Familiar
  1612 | D:2      | Reached XP level 4. HP: 16/31 MP: 4/7
  2317 | D:2      | Reached skill level 1 in Armour
  2386 | D:3      | Noticed Camlann's ghost (amateur HEFi)
  2396 | D:3      | Killed Camlann's ghost
  2396 | D:3      | Reached XP level 5. HP: 27/36 MP: 7/10
  2720 | D:3      | Reached skill level 5 in Summonings
  2742 | D:3      | Noticed a sky beast
  2758 | D:3      | Killed a sky beast
  2758 | D:3      | Reached skill level 1 in Short Blades
  3274 | D:4      | Gained mutation: You have large cloven feet. [demonic ancestry]
  3274 | D:4      | Reached XP level 6. HP: 42/42 MP: 8/11
  3277 | D:4      | Found a staircase to the Ecumenical Temple.
  3429 | D:4      | Reached skill level 1 in Fighting
  4391 | Temple   | Entered the Ecumenical Temple
  4472 | D:5      | Entered Level 5 of the Dungeon
  4578 | D:5      | Noticed vuolankoinen's ghost (novice HuWn)
  4619 | D:5      | Slain by vuolankoinen's ghost

Skill      XL: |  1  2  3  4  5  6 |
---------------+-------------------+-----
Dodging        | 2 |  2.1
Armour         | 1 |  1.9
Stealth        | 2 |  2.1
Spellcasting   | 3 4 |  4.1
Summonings     | 5 |  5.4
Short Blades   | 1 |  1.0
Fighting       | 1 |  1.0
Polearms       | |  0.1

Action                   |  1- 3 |  4- 6 || total
-------------------------+-------+-------++-------
Melee: Spear             |    47 |       ||    47
       Unarmed           |     8 |       ||     8
       Dagger            |    24 |   138 ||   162
       Kick              |       |    41 ||    41
 Cast: Summon Small Mamm |     8 |       ||     8
       Call Imp          |     5 |    51 ||    56
       Call Canine Famil |     5 |     1 ||     6
  Use: Scroll            |       |     6 ||     6
  Eat: Bread ration      |     1 |     3 ||     4
       Beef jerky        |       |     2 ||     2
Armor: Ring mail         |    42 |    30 ||    72
Dodge: Dodged            |    38 |    40 ||    78
